 Dungeon Crawl Stone Soup version 0.26-a0-1025-g006ef2cfcc (webtiles) character file.

Game seed: 15489720362574068140

540576 binko the Conqueror (level 24, -12/227 HPs)
             Began as a Demonspawn Monk on Dec 9, 2020.
             Was the Champion of Yredelemnul.
             Killed from afar by an orb of fire (20 damage)
             ... with a fireball
             ... on level 5 of the Realm of Zot.
             The game lasted 05:40:22 (62660 turns).

binko the Conqueror (Demonspawn Monk)              Turns: 62660, Time: 05:40:23

Health: -12/227    AC: 22    Str: 18    XL:     24   Next: 72%
Magic:  0/37       EV: 12    Int: 10    God:    Yredelemnul [******]
Gold:   5083       SH: 13    Dex: 25    Spells: 23/23 levels left

rFire    + + .     SeeInvis +   Q - +9 demon trident (venom)
rCold    + + +     Faith    .   W - +2 buckler "Lirch" {rElec}
rNeg     + . .     Spirit   +   s - +4 gold dragon scales of Twilight {+Inv rPois rF+ rC+ Slay+2 Stlth+}
rPois    +         Reflect  +   O - +2 hat of the Bear Spirit {Spirit, +Rage rN+ Will++}
rElec    +         Harm     .   l - scarf {repulsion}
rCorr    .         Rampage  .   (gloves unavailable)
Will     +++..     Rnd*Rage +   (no boots)
Stlth    ..........             x - amulet of reflection
HPRegen  0.47/turn              o - ring of Mus Ent {rC+ Dex+6 SInv}
MPRegen  0.25/turn              a - ring "Xodil" {+Fly rPois rF+ Stlth+}

@: about to teleport, hasted, studying Dodging, repel missiles, very quick
A: claws 3, thin skeletal structure 2, berserk 1, blurry vision 1, clumsy 1,
cold resistance 1, deformed body, demonic guardian 3, dopey 1, icemail, weak 2,
augmentation 3, freezing cloud immunity
}: 3/15 runes: decaying, serpentine, silver
a: Recall Undead Slaves, Injury Mirror, Animate Dead, Drain Life, Enslave Soul,
Renounce Religion, Evoke Berserk Rage, Evoke Invisibility, Evoke Flight


You were on level 5 of the Realm of Zot.
You worshipped Yredelemnul.
Yredelemnul was exalted by your worship.
You visited 10 branches of the dungeon, and saw 48 of its levels.
You visited 2 bazaars.
You also visited: Sewer.

You collected 6708 gold pieces.
You spent 1625 gold pieces at shops.

Inventory:

Hand Weapons
 u - the +1 demon trident of Destruction {drain, +Blink Will+ MP-9}
   (You found it on level 4 of the Depths)

   A truly terrible weapon, it drains the life of those it strikes.
   It affects your willpower, your defense against some magical effects.
   It affects your magic capacity (-9).
   It lets you blink.
 w - the +7 bardiche of Accord {flame, +Rage rElec rF+}
   (You acquired it on level 1 of the Vaults)

   It has been specially enchanted to burn those struck by it, causing extra
   injury to most foes and up to half again as much damage against particularly
   susceptible opponents.
   Big, fiery blades are also staple armaments of hydra-hunters.
   It protects you from fire.
   It insulates you from electricity.
   It lets you go berserk.
 K - a +4 vorpal halberd
 Q - a +9 demon trident of venom (weapon)
Armour
 l - a scarf of repulsion (worn)
 s - the +4 gold dragon scales of Twilight (worn) {+Inv rPois rF+ rC+ Slay+2 Stlth+}
   (You took it off a deep elf high priest on level 5 of the Vaults)

   It affects your accuracy and damage with ranged weapons and melee attacks
   (+2).
   It protects you from fire.
   It protects you from cold.
   It protects you from poison.
   It lets you turn invisible.
   It makes you more stealthy.
 O - the +2 hat of the Bear Spirit (worn) {Spirit, +Rage rN+ Will++}
   (You bought it in a shop in a bazaar)

   It protects you from negative energy.
   It affects your willpower, your defense against some magical effects.
   It lets you go berserk.
 W - the +2 buckler "Lirch" (worn) {rElec}
   (You bought it in a shop in a bazaar)

   It insulates you from electricity.
Jewellery
 a - the ring "Xodil" (right claw) {+Fly rPois rF+ Stlth+}
   (You bought it in a shop on level 1 of the Orcish Mines)

   [ring of flight]

   It protects you from fire.
   It protects you from poison.
   It lets you fly.
   It makes you more stealthy.
 c - the ring "Kugroly" {Ice +Blink rPois Will- Stlth+}
   (You found it on level 4 of the Depths)

   [ring of ice]

   It enhances your ice magic.
   It makes you vulnerable to fire.
   It protects you from cold.
   It protects you from poison.
   It affects your willpower, your defense against some magical effects.
   It lets you blink.
   It makes you more stealthy.
 e - the amulet of Midwinter {Acrobat Slay+3}
   (You found it on level 2 of the Depths)

   [amulet of the acrobat]

   It helps you evade while moving and waiting.
   It affects your accuracy and damage with ranged weapons and melee attacks
   (+3).
 o - the ring of Mus Ent (left claw) {rC+ Dex+6 SInv}
   (You found it on level 3 of the Snake Pit)

   [ring of dexterity]

   It affects your dexterity (+6).
   It protects you from cold.
   It lets you see invisible.
 p - a +4 ring of protection
 t - a +4 ring of evasion
 x - an amulet of reflection (around neck)
 L - an uncursed ring of positive energy
 M - the ring of Fytikin {rPois rN+ Will+ Str+8 Int-4}
   (You found it on level 5 of the Vaults)

   [ring of willpower]

   It affects your strength (+8).
   It affects your intelligence (-4).
   It protects you from poison.
   It protects you from negative energy.
   It affects your willpower, your defense against some magical effects.
Wands
 n - a wand of flame (171)
 y - a wand of digging (37)
 A - a wand of polymorph (42)
 G - a wand of iceblast (44)
 I - a wand of acid (29)
 J - a wand of paralysis (10)
 P - a wand of enslavement (32)
 Z - a wand of disintegration (35)
Scrolls
 b - 7 scrolls of identify
 d - a scroll of enchant weapon
 f - 3 scrolls of magic mapping
 g - 35 scrolls of teleportation
 h - 25 scrolls of remove curse
 z - 9 scrolls of amnesia
 D - 6 scrolls of blinking
 F - 7 scrolls of summoning
 S - 2 scrolls of brand weapon
 U - 9 scrolls of fear
 V - 2 scrolls of silence
 X - 4 scrolls of enchant armour
 Y - 7 scrolls of fog
Potions
 i - 19 potions of flight
 j - 24 potions of curing
 q - 5 potions of brilliance
 r - 10 potions of might
 v - 5 potions of haste
 B - 4 potions of ambrosia
 C - 2 potions of cancellation
 E - 5 potions of resistance
 N - 6 potions of heal wounds
 R - 4 potions of invisibility
 T - 2 potions of berserk rage
Books
 m - a manual of Dodging
Miscellaneous
 k - a phantom mirror
 H - a condenser vane


   Skills:
 O Level 27 Fighting
 - Level 14.7 Polearms
 + Level 19.7 Armour
 + Level 13.4 Dodging
 - Level 1.7 Stealth
 - Level 4.0 Shields
 - Level 20.0 Invocations


You had 23 spell levels left.
You didn't know any spells.
Your spell library contained the following spells:

 Spells                   Type           Power        Failure   Level
 Animate Skeleton         Necr           #.....       100%        1
 Apportation              Tloc           #.....       100%        1
 Beastly Appendage        Tmut           #.....       100%        1
 Corona                   Hex            #......      100%        1
 Foxfire                  Conj/Fire      #...         100%        1
 Magic Dart               Conj           #...         100%        1
 Pain                     Necr           #...         100%        1
 Sting                    Tmut/Pois      #...         100%        1
 Summon Small Mammal      Summ           #...         100%        1
 Blink                    Tloc           N/A          100%        2
 Call Imp                 Summ           #.......     100%        2
 Passwall                 Tmut/Erth      #.......     100%        2
 Poisonous Vapours        Pois/Air       #.....       100%        2
 Searing Ray              Conj           #.....       100%        2
 Slow                     Hex            #.......     100%        2
 Sublimation of Blood     Necr           #.........   100%        2
 Swiftness                Air            #.......     100%        2
 Wereblood                Tmut           #.......     100%        2
 Confusing Touch          Hex            #.......     100%        3
 Conjure Flame            Conj/Fire      #.......     100%        3
 Dazzling Flash           Conj/Hex       #.....       100%        3
 Gell's Gravitas          Tloc           #.........   100%        3
 Ignite Poison            Fire/Tmut/Pois #.......     100%        3
 Inner Flame              Hex/Fire       #.......     100%        3
 Lesser Beckoning         Tloc           #.........   100%        3
 Mephitic Cloud           Conj/Pois/Air  #.......     100%        3
 Portal Projectile        Hex/Tloc       #.....       100%        3
 Spider Form              Tmut/Pois      #.........   100%        3
 Tukima's Dance           Hex            #.......     100%        3
 Vampiric Draining        Necr           #.........   100%        3
 Animate Dead             Necr           #.........   100%        4
 Cause Fear               Hex            #.........   100%        4
 Fulminant Prism          Conj/Hex       #.........   100%        4
 Ice Form                 Ice/Tmut       #.......     100%        4
 Iskenderun's Mystic Bla  Conj/Tloc      #.......     100%        4
 Leda's Liquefaction      Hex/Erth       #.........   100%        4
 Passage of Golubria      Tloc           N/A          100%        4
 Petrify                  Tmut/Erth      #.......     100%        4
 Sticky Flame             Conj/Fire      #.......     100%        4
 Agony                    Necr           #.......     100%        5
 Alistair's Intoxication  Tmut/Pois      #........    100%        5
 Blade Hands              Tmut           #.........   100%        5
 Bolt of Magma            Conj/Fire/Erth #.........   100%        5
 Fireball                 Conj/Fire      #.........   100%        5
 Irradiate                Conj/Tmut      #.........   100%        5
 Iskenderun's Battlesphe  Conj           #.......     100%        5
 Lee's Rapid Deconstruct  Erth           #.........   100%        5
 Metabolic Englaciation   Hex/Ice        #.........   100%        5
 Silence                  Hex/Air        #.........   100%        5
 Summon Demon             Summ           #.........   100%        5
 Summon Forest            Summ/Tloc      #.........   100%        5
 Summon Mana Viper        Hex/Summ       #.......     100%        5
 Yara's Violent Unravell  Hex/Tmut       #.........   100%        5
 Eringya's Noxious Bog    Tmut/Pois      #.........   100%        6
 Freezing Cloud           Conj/Ice/Air   #.........   100%        6
 Hydra Form               Tmut           #.........   100%        6
 Invisibility             Hex            #.......     100%        6
 Iron Shot                Conj/Erth      #.........   100%        6
 Shadow Creatures         Summ           N/A          100%        6
 Statue Form              Tmut/Erth      #........    100%        6
 Dragon Form              Tmut           #.........   100%        7
 Malign Gateway           Summ/Tloc      #.........   100%        7
 Monstrous Menagerie      Summ           #.........   100%        7
 Orb of Destruction       Conj           #.........   100%        7
 Spellforged Servitor     Conj/Summ      #.........   100%        7
 Summon Greater Demon     Summ           #.........   100%        7
 Summon Hydra             Summ           #.........   100%        7
 Discord                  Hex            #.........   100%        8
 Summon Horrible Things   Summ           #.........   100%        8


Dungeon Overview and Level Annotations

Branches:
Dungeon (15/15)            Temple (1/1) D:6            Lair (6/6) D:9
  Swamp (4/4) Lair:2        Snake (4/4) Lair:3        Slime (1/5) Lair:6
    Orc (2/2) D:12            Elf (0/3) Orc:2        Vaults (5/5) D:14
  Crypt (0/3) Vaults:2     Depths (5/5) D:15            Zot (5/5) Depths:5
  Sewer (visited)

Altars:
Ashenzari
Dithmenos
Elyvilon
Fedhas
Gozag
Hepliaklqana
Kikubaaqudgha
Makhleb
Nemelex Xobeh
Okawaru
Qazlal
Ru
Sif Muna
Trog
Uskayaw
Vehumet
Wu Jian
Xom
Yredelemnul
Zin
The Shining One
Jiyva
Lugonu

Shops:
D:15 *   Orc:1 (=*   Snake:1 [   Snake:4 :   Vaults:1 [   Vaults:4 ?

Portals:
Hell: Depths:1 Depths:2 Depths:3 Depths:4 Depths:5
Abyss: Depths:4
Pandemonium: Depths:3 Depths:4 Depths:5
Ziggurat: Depths:1
Trove: Vaults:2 (give +3 fire dragon scales)

Annotations:
D:8 Joseph
Orc:2 2 transporters, thewurscht's ghost, journeyman HuBe


Innate Abilities, Weirdness & Mutations

You have claws for hands.
You have a moderately thin skeletal structure. (Dex +4, Stealth+)
Your flesh is cold resistant. (rC+)
A powerful demonic guardian rushes to your aid.
A meltable icy envelope protects you from harm. (AC +0)
Your magical and physical power is greatly enhanced at high health.
You are immune to freezing clouds.
You tend to lose your temper in combat.
Scrolls take you a little longer to read.
You are clumsy. (Dex -2)
Armour fits poorly on your strangely shaped body.
You are dopey. (Int -2)
You are very weak. (Str -4)


Message History

The fireball engulfs the orb of fire.
The orb of fire completely resists.
The fireball engulfs the orb of fire.
The orb of fire completely resists.
You hear a shout!
You feel much better.
The orb of fire glows bright magenta.
The bolt of fire hits your lorocyproca!!
Your lorocyproca resists.
Your lorocyproca dies!
The bolt of fire hits the orb of fire.
The orb of fire completely resists.
The bolt of fire hits you!! You resist.
* * * LOW HITPOINT WARNING * * *
The electric golem hits your reaper! The electric golem shocks your reaper!
The electric golem hits your reaper. The electric golem shocks your reaper!
The electric golem closely misses your reaper.
The electric golem hits your reaper but does no damage.
Your reaper misses the electric golem.
The orb of fire glows deep purple.
The fireball explodes!
The fireball engulfs you!! You resist.
You die...
Your body rises from the dead as a mindless zombie.

**^^,,,,,,,,,,,,,...[,,,**
***,,,,,,,,,,,,......,**
****,,,,,^,,,......**
#▓▓▓▓▓▓▓▓▓▓▓##.....▓*
###............*......**
##....##...............,**
#####...###................,,**
.......###.......*.........,,,*
......## #......@*§........,,^*
......# #.......*..2......,,,*
.....## #.)....^..8.......,,,*
.....# #.................,,,*
.....## #.......!.........,,,*
......# ##................,,**
......## ##...............,**
.......# ##........^.^...**
######## ****************


You could see 4 orbs of fire, an electric golem and a friendly reaper
(summoned).

Vanquished Creatures
  2 juggernauts
  Boris (twice) (Vaults:5 Depths:3)
  A caustic shrike (Depths:2)
  4 golden dragons
  A lich (Vaults:5)
  8 Orb Guardians (Zot:5)
  10 tentacled monstrosities
  3 quicksilver dragons
  A death cob (Zot:4)
  Kirke (Swamp:1)
  3 sphinxes
  A shadow dragon (Vaults:5)
  4 draconian monks
  7 storm dragons
  4 tengu reavers
  3 nagarajas (Snake:4)
  4 fire giants
  A ghost moth (Zot:5)
  2 draconian shifters
  3 draconian scorchers
  An iron dragon (Depths:4)
  8 vault wardens
  A deep elf elementalist (Depths:3)
  6 frost giants
  A draconian annihilator (Zot:1)
  3 draconian stormcallers
  Aizul (Snake:1)
  11 stone giants
  6 ironheart preservers
  A war gargoyle (Vaults:5)
  A spriggan defender (Depths:3)
  3 green draconians
  19 very ugly things
  2 vampire knights
  A grey draconian (Depths:5)
  5 yellow draconians
  A bunyip (Swamp:2)
  A deep elf demonologist (Depths:5)
  A deep elf annihilator (Vaults:5)
  3 red draconians
  3 purple draconians
  3 black draconians (Zot:2)
  An entropy weaver (Vaults:5)
  4 spark wasps
  4 white draconians
  An eleionoma (Swamp:4)
  6 ettins
  2 deep elf death magi (Vaults:5)
  A blizzard demon (Depths:5)
  4 fire dragons
  2 deep elf high priests (Vaults:5)
  8 yaktaur captains
  4 great orbs of eyes
  A merfolk impaler (Depths:2)
  2 rakshasas (Depths:4)
  2 naga warriors
  5 boulder beetles
  13 hydras
  A great orb of eyes (shapeshifter) (Vaults:5)
  16 vault guards
  11 ice dragons
  A ghost crab (Swamp:2)
  6 anacondas
  3 spriggan air magi
  10 centaur warriors
  A death knight (Vaults:4)
  25 two-headed ogres
  11 deep troll shamans
  A dancing weapon (Vaults:5)
  4 alligators
  6 ogre magi
  6 death yaks
  10 deep troll earth magi
  2 orc high priests (Depths:5)
  2 naga sharpshooters (Snake:4)
  6 shock serpents
  4 spriggan berserkers
  4 tengu warriors
  A sun demon (Depths:5)
  2 salamander mystics
  4 deep elf knights
  5 iron trolls
  A shadow wraith (Vaults:4)
  2 goliath frogs (Swamp:3)
  8 hell knights
  A deep troll (shapeshifter) (Vaults:5)
  2 shadow demons (Depths:5)
  A glowing orange brain (shapeshifter) (Depths:2)
  25 deep trolls
  3 glowing orange brains
  2 spriggan druids (Swamp:4)
  A bog body (Lair:2)
  3 naga ritualists (Snake:4)
  5 unseen horrors
  A flayed ghost (Depths:5)
  5 swamp dragons
  3 wizards
  9 ironbrand convokers
  13 deep elf magi
  2 orc knights
  A harpy (shapeshifter) (Depths:3)
  2 phantasmal warriors (Vaults:5)
  3 necromancers
  A harpy (Vaults:3)
  6 mana vipers
  3 wolf spiders
  5 will-o-the-wisps
  4 cyclopes
  A manticore (D:12)
  10 elephants
  36 ugly things
  2 centaur zombies
  8 moths of wrath
  5 salamanders
  8 vault sentinels
  11 cane toads
  7 naga magi
  19 black mambas
  4 gargoyles
  A torpor snail (shapeshifter) (Vaults:5)
  3 kobold demonologists
  Maggie (D:9)
  4 spectral swamp worms (Depths:5)
  A yaktaur (shapeshifter) (Depths:4)
  A rime drake (Lair:3)
  An efreet (D:15)
  5 komodo dragons
  A yaktaur skeleton (Depths:1)
  2 hellwings (Depths:5)
  7 freezing wraiths
  25 yaktaurs
  3 tengu conjurers
  A queen bee (shapeshifter) (Vaults:3)
  A troll (shapeshifter) (Vaults:2)
  2 tengu simulacra
  A meliai (shapeshifter) (Depths:5)
  A red devil (Depths:5)
  8 trolls
  A merfolk (shapeshifter) (Depths:3)
  10 hornets
  3 polar bears
  A jumping spider (D:15)
  3 tyrant leeches
  2 wind drakes (shapeshifter)
  10 slime creatures
  3 meliai (D:15)
  9 blink frogs (Lair:5)
  A raiju (shapeshifter) (Vaults:3)
  A fire giant simulacrum (Vaults:1)
  2 dream sheep (Lair:6)
  5 redbacks
  2 vampires
  A tarantella (shapeshifter) (Vaults:1)
  10 spriggans
  6 wraiths
  3 water elementals
  A tarantella (D:15)
  4 wyverns
  3 hogs (Swamp:1)
  12 humans (D:14)
  28 yaks
  5 basilisks
  Grum (D:10)
  A neqoxec (Depths:5)
  6 vampire mosquitoes
  Edmund (D:5)
  6 swamp worms
  4 wargs
  4 acid dragons
  27 nagas
  7 hydra simulacra (Swamp:4)
  Duvessa (D:5)
  13 water moccasins
  16 orc warriors
  2 phantoms
  4 sky beasts
  2 black bears (D:10)
  2 black bears (shapeshifter)
  A hornet zombie (D:14)
  3 ice beasts
  A necrophage (D:5)
  23 ogres
  17 centaurs
  6 wolves
  6 boggarts
  2 eyes of draining
  13 bullfrogs
  4 big kobolds
  3 wyvern zombies
  4 scorpions
  A wyvern skeleton (D:15)
  20 wights
  An electric eel (Snake:1)
  2 howler monkeys
  2 crimson imps (Depths:2)
  3 jellies
  2 quasits (Depths:5)
  A bullfrog zombie (D:10)
  17 orc priests
  6 hounds
  Crazy Yiuf (D:4)
  3 iron imps
  A centaur skeleton (D:5)
  10 iguanas
  27 orc wizards
  10 worker ants
  A hound zombie (D:8)
  A hound skeleton (D:4)
  A howler monkey zombie (D:9)
  11 gnolls
  16 adders
  6 river rats (Sewer)
  2 shadow imps
  A white imp (Vaults:1)
  2 ufetubi
  2 oozes
  2 swamp drake simulacra (Swamp:4)
  An adder zombie (D:9)
  An adder skeleton (D:5)
  A worm (D:2)
  6 dart slugs
  5 leopard geckos (D:3)
  69 orcs
  6 bats
  11 giant cockroaches
  7 goblins
  7 hobgoblins
  21 jackals
  A quokka (D:9)
  4 ball pythons (Sewer)
  A ball python skeleton (D:4)
  13 frilled lizards
  28 kobolds
  2 quokka skeletons
  A quokka zombie (D:9)
  28 rats
1312 creatures vanquished.

Vanquished Creatures (collateral kills)
  2 ancient liches
  A juggernaut (Depths:3)
  Boris (Vaults:4)
  A golden dragon (Depths:5)
  7 tentacled monstrosities
  2 liches
  A quicksilver dragon (Depths:2)
  2 shadow dragons (Vaults:5)
  3 sphinxes
  6 death cobs
  2 storm dragons
  A thorn hunter (Swamp:4)
  4 draconian monks
  4 nagarajas
  3 fire giants
  4 frost giants
  4 tengu reavers
  3 draconian scorchers
  A draconian knight (Zot:2)
  2 draconian shifters
  2 draconian stormcallers (Zot:2)
  5 vault wardens
  Louise (D:15)
  A deep elf sorcerer (Vaults:4)
  6 ironheart preservers
  4 draconian annihilators
  2 war gargoyles (Vaults:5)
  14 very ugly things
  5 stone giants
  A vampire knight (Vaults:2)
  2 deep elf demonologists
  A grey draconian (Depths:5)
  5 green draconians
  A deep elf annihilator (Vaults:1)
  3 black draconians
  3 bunyips
  2 purple draconians
  5 white draconians
  4 yellow draconians
  A red draconian (Zot:2)
  An eidolon (Vaults:2)
  3 ettins
  An eleionoma (Swamp:2)
  4 fire dragons
  8 yaktaur captains
  8 great orbs of eyes
  A deep elf high priest (Vaults:5)
  17 vault guards
  2 rakshasas
  5 ice dragons
  4 boulder beetles
  A ghost crab (Swamp:4)
  3 hydras
  7 naga warriors
  2 anacondas
  A catoblepas (Lair:6)
  10 centaur warriors
  A death knight (Vaults:1)
  A dancing weapon (Vaults:5)
  34 two-headed ogres
  7 alligators
  10 ogre magi
  4 deep troll shamans
  5 deep troll earth magi
  6 death yaks
  A vampire mage (Vaults:2)
  3 tengu warriors
  5 spriggan berserkers
  8 naga sharpshooters
  7 shock serpents
  2 deep elf knights
  4 hell knights
  3 salamander mystics
  A spriggan druid (Swamp:4)
  7 goliath frogs
  15 deep trolls
  An unseen horror (Vaults:1)
  A flayed ghost (Vaults:1)
  2 glowing orange brains
  A lindwurm (Lair:6)
  5 wizards
  5 swamp dragons
  A tengu zombie (Vaults:2)
  2 deep elf archers
  5 ironbrand convokers
  A golden dragon skeleton (Depths:2)
  3 phantasmal warriors
  A bog body (Swamp:3)
  6 naga ritualists
  2 harpies (Vaults:3)
  3 necromancers
  A sphinx zombie (Vaults:2)
  8 orc knights
  A wolf spider (Vaults:4)
  2 mana vipers (Snake:4)
  4 orc sorcerers
  21 ugly things
  10 deep elf magi
  2 will-o-the-wisps
  11 salamanders
  A moth of wrath (shapeshifter) (Depths:1)
  A guardian serpent (shapeshifter) (Vaults:3)
  12 naga magi
  A spectral swamp worm (Depths:5)
  12 black mambas
  11 elephants
  4 guardian serpents
  2 vault sentinels
  2 gargoyles (D:11)
  4 cane toads
  3 rime drakes
  2 efreet
  A torpor snail (Lair:6)
  2 centaur skeletons
  A spriggan skeleton (Depths:2)
  11 yaktaurs
  A komodo dragon (Lair:2)
  6 freezing wraiths
  3 tengu conjurers
  A yaktaur skeleton (Vaults:2)
  A troll (shapeshifter) (Vaults:1)
  2 trolls (Orc:1)
  A jumping spider (shapeshifter) (Vaults:2)
  8 hornets
  4 tyrant leeches
  A meliai (shapeshifter) (Depths:4)
  A blink frog (shapeshifter) (Vaults:3)
  12 slime creatures
  A snapping turtle (shapeshifter) (Vaults:3)
  5 dream sheep (Lair:6)
  5 blink frogs
  An ettin skeleton (Depths:1)
  A redback (D:15)
  A tarantella (shapeshifter) (Vaults:4)
  2 wyverns (Depths:5)
  An elf zombie (Depths:2)
  4 spriggans
  11 yaks
  A fire elemental (Depths:1)
  8 humans (D:14)
  2 swamp worm simulacra (Swamp:4)
  5 vampire mosquitoes
  A yaktaur simulacrum (Depths:1)
  35 nagas
  5 swamp worms
  4 acid dragons
  9 hydra simulacra (Swamp:4)
  A floating eye (shapeshifter) (Depths:1)
  5 water moccasins
  A human skeleton (Vaults:2)
  An ice beast (shapeshifter) (D:15)
  15 orc warriors
  A black bear (D:6)
  An eye of draining (D:12)
  5 boggarts
  25 ogres
  2 wolves
  6 centaurs
  6 bullfrogs
  Dowan (D:5)
  3 wights
  2 electric eels (Snake:1)
  A howler monkey (D:8)
  A crimson imp (Depths:5)
  2 jellies
  7 orc priests
  3 orc wizards
  A worker ant (D:13)
  A killer bee zombie (D:9)
  4 gnolls
  3 adders
  A white imp (D:5)
  4 swamp drake simulacra (Swamp:4)
  18 orcs
  3 jackals (D:9)
  6 kobolds
  A frilled lizard (Sewer)
  A rat (Sewer)
  2 briar patches (Swamp:4)
  A bush (Lair:6)
  2 crawling corpses (Vaults:5)
773 creatures vanquished.

Vanquished Creatures (others)
  3 profane servitors
  6 bone dragons
  9 ghouls
  11 vampire knights
  A deep elf annihilator (Vaults:5)
  An ettin (Depths:1)
  A vault guard (Vaults:5)
  A deep troll earth mage (Vaults:5)
  A deep troll shaman (Vaults:5)
  7 skeletal warriors
  A deep troll (Vaults:5)
  9 flayed ghosts
  A necromancer (Depths:4)
  10 phantasmal warriors
  A naga mage (Snake:4)
  A caustic shrike zombie (Depths:2)
  3 tyrant leeches
  2 spriggans (Swamp:4)
  16 flying skulls
  A shadow (D:15)
  8 vampires
  A wraith (Lair:4)
  A quicksilver dragon zombie (Depths:2)
  An ogre (Depths:1)
  2 storm dragon zombies
  2 goliath frog zombies
  3 frost giant zombies
  11 very ugly thing zombies
  8 draconian zombies
  5 stone giant zombies
  3 wights
  7 tengu zombies
  18 ugly thing zombies
  3 anaconda zombies (Snake:4)
  A spark wasp zombie (Depths:4)
  A sphinx zombie (Vaults:5)
  A black draconian zombie (Zot:4)
  A fire giant zombie (Depths:3)
  4 shock serpent zombies
  A bunyip zombie (Swamp:2)
  3 yellow draconian zombies
  A shock serpent skeleton (Snake:4)
  A red draconian zombie (Zot:4)
  14 yaktaur zombies
  A swamp worm zombie (Swamp:2)
  A harpy zombie (Vaults:3)
  3 moth of wrath zombies
  A meliai zombie (D:15)
  4 hydra zombies
  A merfolk zombie (Depths:2)
  A purple draconian zombie (Zot:2)
  5 alligator zombies
  2 ice dragon zombies
  An iron troll zombie (Depths:4)
  6 black mamba zombies
  A boulder beetle zombie (D:15)
  5 ghoul skeletons
  A deep troll skeleton (Vaults:5)
  2 redback zombies
  A guardian serpent skeleton (Snake:4)
  A mummy (D:13)
  A rime drake zombie (Lair:6)
  35 deep troll zombies
  3 elephant zombies
  5 ettin zombies
  6 elf zombies
  8 vampire mosquito zombies
  6 hornet zombies
  A wyvern zombie (Depths:5)
  2 blink frog zombies (Lair:5)
  7 centaur zombies
  A dream sheep zombie (Lair:6)
  A komodo dragon zombie (Lair:3)
  6 salamander zombies
  6 spriggan zombies
  2 swamp dragon zombies
  8 two-headed ogre zombies
  A warg zombie (Vaults:5)
  5 yak zombies
  A bog body skeleton (Lair:2)
  2 spriggan skeletons
  An acid dragon zombie (Depths:5)
  A basilisk zombie (Lair:6)
  2 troll zombies
  A big kobold zombie (D:12)
  2 bullfrog zombies
  A giant cockroach zombie (D:8)
  A gnoll zombie (D:9)
  A hound zombie (D:9)
  34 human zombies
  An iguana zombie (D:11)
  3 jackal zombies (D:9)
  4 kobold zombies
  A naga skeleton (Snake:4)
  23 naga zombies
  16 ogre zombies
  19 orc zombies
  3 water moccasin zombies
  A wolf zombie (Lair:5)
  A worker ant zombie (D:9)
  A briar patch (Swamp:4)
  28 foxfires
  96 fungi
  142 plants
714 creatures vanquished.

Grand Total: 2799 creatures vanquished

Notes
Turn   | Place    | Note
-------+----------+-------------------------------------------
     0 | D:1      | binko the Demonspawn Monk began the quest for the Orb.
     0 | D:1      | Reached XP level 1. HP: 18/18 MP: 1/1
   169 | D:1      | Gained mutation: Your flesh is cold resistant. (rC+)
                  | [demonic ancestry]
   169 | D:1      | Reached XP level 2. HP: 24/24 MP: 2/2
   511 | D:1      | Gained mutation: A weak demonic guardian rushes to your
                  | aid. [demonic ancestry]
   511 | D:1      | Reached XP level 3. HP: 24/29 MP: 3/3
   613 | D:1      | You fall into a shaft and drop 1 floor!
  1056 | D:1      | Reached XP level 4. HP: 32/35 MP: 4/4
  1396 | D:2      | Found a sacrificial altar of Ru.
  1644 | D:2      | Found a stormy altar of Qazlal.
  2027 | D:2      | Reached skill level 5 in Polearms
  2688 | D:3      | Gained mutation: You have sharp fingernails. [demonic
                  | ancestry]
  2688 | D:3      | Reached XP level 5. HP: 24/41 MP: 5/5
  2693 | D:3      | Found a glowing drain.
  2705 | Sewer    | Entered a sewer
  2876 | Sewer    | Reached skill level 1 in Armour
  3688 | Sewer    | Gained mutation: You have a somewhat thin skeletal
                  | structure. (Dex +2, Stealth) [demonic ancestry]
  3688 | Sewer    | Reached XP level 6. HP: 47/48 MP: 6/6
  3765 | Sewer    | Reached skill level 4 in Fighting
  4285 | D:3      | Found an ancient bone altar of Kikubaaqudgha.
  4484 | D:3      | Found a radiant altar of Vehumet.
  4498 | D:3      | Found an ornate altar of the Wu Jian Council.
  4712 | D:3      | Found a burning altar of Makhleb.
  4928 | D:3      | Gained mutation: You have very sharp fingernails. [demonic
                  | ancestry]
  4928 | D:3      | Reached XP level 7. HP: 31/55 MP: 7/7
  5116 | D:3      | Reached skill level 5 in Fighting
  5861 | D:3      | Reached skill level 5 in Armour
  6228 | D:4      | Found a sparkling altar of Nemelex Xobeh.
  6315 | D:4      | Found a runed translucent door.
  6316 | D:4      | Noticed Crazy Yiuf
  6551 | D:4      | Killed Crazy Yiuf
  6783 | D:5      | Entered Level 5 of the Dungeon
  6798 | D:5      | Noticed Dowan
  6810 | D:5      | Killed Dowan
  6815 | D:5      | Noticed Duvessa
  6832 | D:5      | Killed Duvessa
  6833 | D:5      | Gained mutation: You have a moderately thin skeletal
                  | structure. (Dex +4, Stealth+) [demonic ancestry]
  6833 | D:5      | Reached XP level 8. HP: 28/62 MP: 8/8
  7209 | D:5      | Noticed Edmund
  7237 | D:5      | Killed Edmund
  8435 | D:6      | Found a staircase to the Ecumenical Temple.
  8444 | Temple   | Entered the Ecumenical Temple
  8480 | Temple   | Became a worshipper of Yredelemnul the Dark
  8480 | Temple   | Reached * piety under Yredelemnul
  8480 | Temple   | Reached ** piety under Yredelemnul
  8605 | D:6      | Found a glowing silver altar of Zin.
  8615 | D:6      | Found a shadowy altar of Dithmenos.
  8953 | D:7      | Reached skill level 1 in Invocations
  9022 | D:7      | Found a stormy altar of Qazlal.
  9336 | D:7      | Gained mutation: Your magical and physical power is
                  | slightly enhanced at high health. [demonic ancestry]
  9336 | D:7      | Reached XP level 9. HP: 68/68 MP: 11/11
  9453 | D:7      | Found an iron altar of Okawaru.
  9462 | D:7      | Found a white marble altar of Elyvilon.
 10093 | D:8      | Noticed Joseph
 10429 | D:8      | Found a glowing golden altar of the Shining One.
 10717 | D:8      | Reached skill level 5 in Invocations
 11505 | D:8      | Reached skill level 10 in Polearms
 11933 | D:9      | Reached *** piety under Yredelemnul
 12800 | D:9      | Reached XP level 10. HP: 59/76 MP: 13/13
 12997 | D:9      | Found a broken altar of Ashenzari.
 13096 | D:9      | Noticed Maggie
 13115 | D:9      | Killed Maggie
 13116 | D:9      | Reached skill level 6 in Fighting
 13257 | D:9      | Found a staircase to the Lair.
 13334 | Lair:1   | Entered Level 1 of the Lair of Beasts
 13950 | D:10     | Entered Level 10 of the Dungeon
 13950 | D:10     | Noticed a gargoyle
 13976 | D:9      | Killed a gargoyle
 13982 | D:9      | HP: 3/77 [bullfrog (1)]
 14376 | D:10     | Reached **** piety under Yredelemnul
 14771 | D:10     | Noticed Grum
 14793 | D:10     | Killed Grum
 14806 | D:10     | Reached skill level 5 in Dodging
 15159 | D:9      | Reached skill level 7 in Fighting
 15435 | D:10     | Reached skill level 8 in Fighting
 15449 | D:10     | Received a gift from Yredelemnul (a wight)
 15893 | D:10     | Gained mutation: You have claws for hands. [demonic
                  | ancestry]
 15893 | D:10     | Reached XP level 11. HP: 87/87 MP: 14/14
 16578 | D:11     | Reached ***** piety under Yredelemnul
 16601 | D:11     | Reached skill level 9 in Fighting
 16741 | D:11     | HP: 3/89 [something (2)]
 16748 | D:11     | Killed an unseen horror
 17131 | D:11     | Noticed a brown ugly thing
 17145 | D:11     | Killed a brown ugly thing
 17547 | D:12     | Noticed a boulder beetle
 17581 | D:12     | HP: 4/89 [boulder beetle (22)]
 18021 | D:12     | Found a staircase to the Orcish Mines.
 18035 | D:12     | Reached skill level 10 in Fighting
 18486 | D:12     | HP: 3/90 [boulder beetle (31)]
 18492 | D:13     | Noticed a centaur warrior
 18824 | D:12     | Received a gift from Yredelemnul (a mummy)
 18959 | D:12     | Noticed a fire dragon
 18966 | D:12     | Killed a fire dragon
 19572 | D:12     | Killed a boulder beetle
 19790 | D:13     | Killed a centaur warrior
 19796 | D:13     | Gained mutation: You are immune to freezing clouds.
                  | [demonic ancestry]
 19796 | D:13     | Reached XP level 12. HP: 76/99 MP: 2/15
 19800 | D:13     | Reached skill level 11 in Fighting
 19805 | D:13     | Received a gift from Yredelemnul (a wight)
 20524 | D:13     | Noticed a boulder beetle
 20537 | D:13     | Killed a boulder beetle
 20609 | D:13     | Received a gift from Yredelemnul (5 flying skulls)
 20883 | D:14     | Noticed a two-headed ogre
 20888 | D:14     | Killed a two-headed ogre
 20898 | D:14     | Reached skill level 12 in Fighting
 20920 | D:14     | Noticed a tengu warrior
 20929 | D:14     | Killed a tengu warrior
 20972 | D:14     | Received a gift from Yredelemnul (a wight)
 21105 | D:14     | Noticed a two-headed ogre
 21117 | D:14     | Killed a two-headed ogre
 21845 | D:14     | Received a gift from Yredelemnul (4 flying skulls)
 21949 | D:14     | Found a gate to the Vaults.
 21949 | D:14     | Noticed a vault guard
 21956 | D:14     | Gained mutation: Your magical and physical power is
                  | enhanced at high health. [demonic ancestry]
 21956 | D:14     | Reached XP level 13. HP: 108/108 MP: 16/16
 21971 | D:14     | Reached ****** piety under Yredelemnul
 22073 | Orc:1    | Entered Level 1 of the Orcish Mines
 22073 | Orc:1    | Found Bale's Jewellery Emporium.
 22073 | Orc:1    | Found Matav's Weapon Shoppe.
 22136 | Orc:1    | Received a gift from Yredelemnul (a phantasmal warrior)
 22159 | Orc:1    | Found Mieziorph's General Store.
 22211 | Orc:2    | Entered Level 2 of the Orcish Mines
 22212 | Orc:2    | Identified the +8 great sword of the Whelk {flame, Fragile
                  | +Blink Str+3}
 22217 | Orc:2    | Noticed thewurscht's ghost (journeyman HuBe)
 22234 | Orc:2    | Identified the +1 great sword of Acryz Qacu {antimagic,
                  | rElec rF+}
 22234 | Orc:2    | Identified the +8 chain mail "Bury Fup" {+Inv rPois Dex+2}
 22234 | Orc:2    | Noticed an orc warlord
 22441 | Orc:2    | Found a bloodstained altar of Trog.
 22726 | Orc:2    | Found a staircase to the Elven Halls.
 22898 | Orc:2    | Found a transporter.
 22898 | Orc:2    | Found a transporter.
 22977 | Orc:2    | Found a gateway to a bazaar.
 22989 | Bazaar   | Entered a bazaar
 22989 | Bazaar   | Found Cimosk's Magic Scroll Boutique.
 22989 | Bazaar   | Found Zibragamn's General Store.
 22989 | Bazaar   | Found Leatyuxt's General Store.
 22989 | Bazaar   | Found Norgheg's General Store.
 23009 | Bazaar   | Bought a potion of curing for 57 gold pieces
 23021 | Bazaar   | Bought the +2 hat of the Bear Spirit {Spirit, +Rage rN+
                  | Will++} for 391 gold pieces
 23021 | Bazaar   | Found the +2 hat of the Bear Spirit {Spirit, +Rage rN+
                  | Will++}
 23021 | Bazaar   | Bought a scroll of enchant weapon for 75 gold pieces
 23033 | Bazaar   | Bought a scroll of identify for 24 gold pieces
 23033 | Bazaar   | Bought a scroll of teleportation for 36 gold pieces
 23033 | Bazaar   | Bought a scroll of fear for 42 gold pieces
 23035 | Bazaar   | Bought a scroll of enchant armour for 97 gold pieces
 23035 | Bazaar   | Bought a scroll of fog for 26 gold pieces
 23114 | Orc:1    | Bought a scroll of identify for 26 gold pieces
 23132 | Orc:1    | Bought the ring "Xodil" {+Fly rPois rF+ Stlth+} for 539
                  | gold pieces
 23696 | Lair:1   | Received a gift from Yredelemnul (4 flying skulls)
 24302 | Lair:2   | Found a staircase to the Swamp.
 24477 | Lair:2   | Received a gift from Yredelemnul (3 flying skulls)
 25459 | Lair:3   | Found a staircase to the Snake Pit.
 25695 | Lair:3   | Reached skill level 10 in Invocations
 25820 | Lair:3   | Received a gift from Yredelemnul (a skeletal warrior)
 26276 | Lair:4   | Gained mutation: A meltable icy envelope protects you from
                  | harm. (AC +0) [demonic ancestry]
 26276 | Lair:4   | Reached XP level 14. HP: 116/116 MP: 21/21
 26637 | Lair:4   | Received a gift from Yredelemnul (a wraith)
 26648 | Lair:4   | Found a transporter.
 26716 | Lair:4   | Found a transporter.
 26752 | Lair:4   | Reached skill level 13 in Fighting
 26935 | Lair:4   | Received a gift from Yredelemnul (a flayed ghost)
 28108 | Lair:5   | Reached skill level 10 in Armour
 28311 | Lair:5   | Received a gift from Yredelemnul (a vampire)
 28557 | Lair:6   | Entered Level 6 of the Lair of Beasts
 28866 | Lair:6   | Received a gift from Yredelemnul (a phantasmal warrior)
 28887 | Lair:6   | Received a gift from Yredelemnul (a vampire knight)
 28966 | Lair:6   | Found a viscous altar of Jiyva.
 28967 | Lair:6   | Found a staircase to the Slime Pits.
 29011 | Lair:6   | Reached skill level 14 in Fighting
 29920 | Lair:6   | Reached skill level 15 in Fighting
 30812 | Swamp:1  | Entered Level 1 of the Swamp
 30893 | Swamp:1  | Gained mutation: Your magical and physical power is greatly
                  | enhanced at high health. [demonic ancestry]
 30893 | Swamp:1  | Reached XP level 15. HP: 97/129 MP: 19/24
 30940 | Swamp:1  | Received a gift from Yredelemnul (a ghoul)
 31112 | Swamp:1  | Noticed Kirke
 31125 | Swamp:1  | Killed Kirke
 31486 | Swamp:2  | Reached skill level 16 in Fighting
 32180 | Swamp:3  | Received a gift from Yredelemnul (a bone dragon)
 32629 | Swamp:3  | Received a gift from Yredelemnul (a flayed ghost)
 32907 | Swamp:3  | Received a gift from Yredelemnul (a ghoul)
 33360 | Swamp:4  | Entered Level 4 of the Swamp
 33748 | Swamp:4  | Received a gift from Yredelemnul (a bone dragon)
 33860 | Swamp:4  | Noticed a thorn hunter
 33868 | Swamp:4  | Killed a thorn hunter
 34170 | Swamp:4  | Reached skill level 17 in Fighting
 34654 | Swamp:4  | Got a decaying rune of Zot
 34689 | Swamp:4  | Identified 2 scrolls of acquirement
 34692 | Swamp:4  | Acquired 900 gold pieces
 34693 | Swamp:4  | Acquired a manual of Armour
 34965 | Snake:1  | Entered Level 1 of the Snake Pit
 34976 | Snake:1  | Received a gift from Yredelemnul (a profane servitor)
 35187 | Snake:1  | Noticed Aizul
 35197 | Snake:1  | Killed Aizul
 35206 | Snake:1  | Gained mutation: A demonic guardian rushes to your aid.
                  | [demonic ancestry]
 35206 | Snake:1  | Reached XP level 16. HP: 133/141 MP: 20/26
 35368 | Snake:1  | Received a gift from Yredelemnul (a flayed ghost)
 35707 | Snake:1  | Found Teaf's Armour Emporium.
 36191 | Snake:2  | Received a gift from Yredelemnul (a phantasmal warrior)
 37446 | Snake:3  | Received a gift from Yredelemnul (a ghoul)
 37464 | Snake:4  | Entered Level 4 of the Snake Pit
 37595 | Snake:3  | Reached skill level 18 in Fighting
 37622 | Snake:3  | Found a flickering gateway to a bazaar.
 37632 | Bazaar   | Entered a bazaar
 37632 | Bazaar   | Found Luocwoch's Armour Emporium.
 37632 | Bazaar   | Found Qydorix's Antique Armour Shop.
 37632 | Bazaar   | Found Aloal's Jewellery Shoppe.
 37632 | Bazaar   | Found Jenicked's Antique Weapon Shop.
 37928 | Bazaar   | Found Ziejy's Book Shoppe.
 37928 | Bazaar   | Found Ybuep's Armour Boutique.
 37953 | Bazaar   | Bought the +2 buckler "Lirch" {rElec} for 199 gold pieces
 38173 | Snake:3  | Identified the ring of Mus Ent {rC+ Dex+6 SInv} (You found
                  | it on level 3 of the Snake Pit)
 38561 | Snake:4  | Received a gift from Yredelemnul (a flayed ghost)
 38561 | Snake:4  | Reached skill level 1 in Shields
 38706 | Snake:4  | Received a gift from Yredelemnul (a ghoul)
 38826 | Snake:4  | Found Fidghis's Book Shop.
 38963 | Snake:4  | Identified the +6 falchion "Xylaiv" {holy, rF+}
 38985 | Snake:4  | Received a gift from Yredelemnul (a vampire)
 38986 | Snake:4  | Reached skill level 15 in Invocations
 39011 | Snake:4  | Received a gift from Yredelemnul (a profane servitor)
 39306 | Snake:4  | Reached XP level 17. HP: 151/151 MP: 25/28
 39436 | Snake:4  | Got a serpentine rune of Zot
 39949 | Slime:1  | Entered Level 1 of the Pits of Slime
 40173 | Vaults:1 | Entered Level 1 of the Vaults
 40181 | Vaults:1 | Acquired the +7 bardiche of Accord {flame, +Rage rElec rF+}
 40303 | Vaults:1 | Received a gift from Yredelemnul (a vampire knight)
 40594 | Vaults:1 | Received a gift from Yredelemnul (a phantasmal warrior)
 40594 | Vaults:1 | Reached skill level 19 in Fighting
 40936 | Vaults:1 | Received a gift from Yredelemnul (a vampire knight)
 40956 | Vaults:1 | Found Qapet's Antique Armour Boutique.
 41142 | Vaults:1 | Received a gift from Yredelemnul (a vampire knight)
 41276 | Vaults:1 | Received a gift from Yredelemnul (a flayed ghost)
 41679 | Vaults:2 | Received a gift from Yredelemnul (a ghoul)
 41915 | Vaults:2 | Found a portal to a secret trove of treasure.
 41948 | Vaults:2 | Found a staircase to the Crypt.
 42113 | Vaults:2 | Reached skill level 20 in Fighting
 42194 | Vaults:2 | Reached skill level 15 in Armour
 42364 | Vaults:2 | Received a gift from Yredelemnul (a vampire)
 42540 | Vaults:2 | Reached XP level 18. HP: 162/162 MP: 29/29
 42774 | Vaults:2 | Received a gift from Yredelemnul (a phantasmal warrior)
 43343 | Vaults:3 | Received a gift from Yredelemnul (a phantasmal warrior)
 44164 | Vaults:3 | Found a radiant altar of Vehumet.
 44164 | Vaults:3 | Noticed a lich
 44165 | Vaults:3 | Found the +3 crown of Dyrovepreva {rElec Int+2 SInv}
 44170 | Vaults:3 | Killed a lich
 44171 | Vaults:3 | Received a gift from Yredelemnul (a vampire knight)
 44394 | Vaults:4 | Received a gift from Yredelemnul (a vampire knight)
 44566 | Vaults:4 | Received a gift from Yredelemnul (a flayed ghost)
 44659 | Vaults:4 | Noticed a tentacled monstrosity
 44680 | Vaults:4 | Killed a tentacled monstrosity
 44680 | Vaults:4 | Received a gift from Yredelemnul (a vampire knight)
 45100 | Vaults:4 | Found Tatoosoz's Magic Scroll Emporium.
 45110 | Vaults:4 | Noticed a tentacled monstrosity
 45120 | Vaults:4 | Killed a tentacled monstrosity
 45139 | Vaults:4 | Bought a scroll of teleportation for 48 gold pieces
 45139 | Vaults:4 | Bought a scroll of fog for 32 gold pieces
 45326 | Vaults:4 | Received a gift from Yredelemnul (a vampire knight)
 45376 | Vaults:4 | Noticed Boris
 45390 | Vaults:4 | Killed Boris
 45607 | Vaults:4 | Gained mutation: A powerful demonic guardian rushes to your
                  | aid. [demonic ancestry]
 45607 | Vaults:4 | Reached XP level 19. HP: 112/169 MP: 18/32
 46010 | Vaults:5 | Entered Level 5 of the Vaults
 46010 | Vaults:5 | Noticed Boris
 46017 | Vaults:5 | Received a gift from Yredelemnul (a skeletal warrior)
 46217 | Vaults:5 | Received a gift from Yredelemnul (a vampire)
 46477 | Vaults:5 | Received a gift from Yredelemnul (a vampire)
 46510 | Vaults:5 | Killed Boris
 46511 | Vaults:5 | Reached skill level 21 in Fighting
 46544 | Vaults:5 | Noticed a golden dragon
 46552 | Vaults:5 | Killed a golden dragon
 46718 | Vaults:5 | Received a gift from Yredelemnul (a ghoul)
 46905 | Vaults:5 | Got a shimmering lapis lazuli ring
 46906 | Vaults:5 | Identified the ring of Fytikin {rPois rN+ Will+ Str+8
                  | Int-4} (You found it on level 5 of the Vaults)
 47083 | Vaults:5 | Received a gift from Yredelemnul (a bone dragon)
 47244 | Vaults:5 | Identified the Guide on Frigorific Toxins
 47350 | Vaults:5 | Received a gift from Yredelemnul (a skeletal warrior)
 47415 | Vaults:5 | Identified the +4 gold dragon scales of Twilight {+Inv
                  | rPois rF+ rC+ Slay+2 Stlth+}
 47456 | Vaults:5 | Reached XP level 20. HP: 110/182 MP: 9/34
 47795 | Vaults:5 | Reached skill level 22 in Fighting
 47945 | Vaults:5 | Noticed an ancient lich
 47955 | Vaults:5 | Killed an ancient lich
 48227 | Vaults:5 | Received a gift from Yredelemnul (a skeletal warrior)
 48504 | Vaults:5 | Identified the +5 scimitar "Lobuhere" {venom, rF+ rC++
                  | Will++ Int+3}
 48504 | Vaults:5 | Identified the +6 arbalest of Wamuotov {freeze, Str+8}
 48505 | Vaults:5 | Identified the +9 rapier of Duilerul {drain, rPois}
 48678 | Vaults:5 | Got a silver rune of Zot
 48750 | Vaults:5 | Noticed a golden dragon
 48782 | Vaults:5 | Received a gift from Yredelemnul (a flayed ghost)
 48786 | Vaults:5 | Killed a golden dragon
 49055 | Vaults:5 | Identified the Disquisition on Venom
 49638 | D:15     | Entered Level 15 of the Dungeon
 50026 | D:15     | Reached skill level 23 in Fighting
 50027 | D:15     | Received a gift from Yredelemnul (a vampire)
 50065 | D:15     | Received a gift from Yredelemnul (a flayed ghost)
 50157 | D:15     | Noticed Louise
 50169 | D:15     | Killed Louise
 50228 | D:15     | Found a staircase to the Depths.
 50494 | D:15     | Acquired a manual of Dodging
 50637 | D:15     | Found Kodwam's Assorted Antiques.
 50659 | D:15     | Bought a fuming amethyst potion for 33 gold pieces
 50661 | D:15     | Reached skill level 10 in Dodging
 50661 | D:15     | Reached XP level 21. HP: 192/192 MP: 35/35
 51161 | Depths:1 | Entered Level 1 of the Depths
 51183 | Depths:1 | Received a gift from Yredelemnul (a vampire knight)
 51551 | Depths:1 | Found a gateway to Hell.
 51593 | D:15     | Received a gift from Yredelemnul (a vampire knight)
 51796 | Depths:1 | Reached XP level 22. HP: 200/200 MP: 33/36
 51807 | Depths:1 | Received a gift from Yredelemnul (a skeletal warrior)
 52110 | Depths:1 | Received a gift from Yredelemnul (a bone dragon)
 52164 | Depths:1 | Found a gateway to a ziggurat.
 52512 | Depths:2 | Received a gift from Yredelemnul (a skeletal warrior)
 52858 | Depths:2 | Reached skill level 24 in Fighting
 52871 | Depths:2 | Received a gift from Yredelemnul (a phantasmal warrior)
 53155 | Depths:2 | You fall into a shaft and drop 2 floors!
 53256 | Depths:4 | Received a gift from Yredelemnul (a phantasmal warrior)
 53281 | Depths:2 | Noticed a juggernaut
 53409 | Depths:2 | Noticed a caustic shrike
 53417 | Depths:2 | Killed a caustic shrike
 53469 | Depths:2 | Received a gift from Yredelemnul (a bone dragon)
 53835 | Depths:2 | Killed a juggernaut
 53957 | Depths:2 | Got an ancient ivory amulet
 53958 | Depths:2 | Identified the amulet of Midwinter {Acrobat Slay+3} (You
                  | found it on level 2 of the Depths)
 53994 | Depths:2 | Identified the +10 mace of the Ecumenical Temple {vorpal,
                  | +Inv Will+ Str+4 Dex+3}
 54260 | Depths:2 | Received a gift from Yredelemnul (a ghoul)
 54797 | Depths:3 | Found a one-way gate leading to the halls of Pandemonium.
 54884 | Depths:3 | Reached skill level 25 in Fighting
 55087 | Depths:3 | Received a gift from Yredelemnul (a phantasmal warrior)
 55241 | Depths:3 | Noticed Boris
 55251 | Depths:3 | Killed Boris
 55540 | Depths:3 | Received a gift from Yredelemnul (a flayed ghost)
 55630 | Depths:3 | Noticed a golden dragon
 55640 | Depths:3 | Killed a golden dragon
 55668 | Depths:3 | Noticed a juggernaut
 55680 | Depths:3 | Killed a juggernaut
 55681 | Depths:3 | Reached XP level 23. HP: 152/215 MP: 26/37
 55851 | Depths:3 | Noticed a juggernaut
 55867 | Depths:3 | Killed a juggernaut
 56200 | Depths:4 | Received a gift from Yredelemnul (a skeletal warrior)
 56686 | Depths:4 | Identified the ring "Menon" {rPois rF+ rN+ Str+3 Int-2}
 56707 | Depths:4 | Received a gift from Yredelemnul (a phantasmal warrior)
 56708 | Depths:4 | Reached skill level 26 in Fighting
 57095 | Depths:4 | Found a corrupted altar of Lugonu.
 57095 | Depths:4 | Found a one-way gate to the infinite horrors of the Abyss.
 57134 | Depths:4 | Found a transporter.
 57454 | Depths:4 | Found a transporter.
 57590 | Depths:4 | Received a gift from Yredelemnul (a profane servitor)
 58009 | Depths:4 | Got a brightly glowing pewter ring
 58018 | Depths:4 | Got an ivory demon trident
 58019 | Depths:4 | Identified the cursed +1 demon trident of Destruction
                  | {drain, +Blink Will+ MP-9} (You found it on level 4 of the
                  | Depths)
 58075 | Depths:4 | Identified the ring "Kugroly" {Ice +Blink rPois Will-
                  | Stlth+} (You found it on level 4 of the Depths)
 58113 | Depths:5 | Entered Level 5 of the Depths
 58739 | Depths:5 | Found a shimmering blue altar of Sif Muna.
 58835 | Depths:5 | Identified the amulet of Awe {RegenMP Will+++} (You found
                  | it on level 5 of the Depths)
 59016 | Depths:5 | Received a gift from Yredelemnul (a vampire knight)
 59096 | Depths:5 | Received a gift from Yredelemnul (a ghoul)
 59778 | Depths:5 | Found a gate to the Realm of Zot.
 59791 | Zot:1    | Entered Level 1 of the Realm of Zot
 59929 | Zot:2    | Reached XP level 24. HP: 147/225 MP: 13/37
 59939 | Zot:2    | Received a gift from Yredelemnul (a ghoul)
 60559 | Zot:2    | Received a gift from Yredelemnul (a bone dragon)
 60674 | Zot:2    | Reached skill level 27 in Fighting
 61265 | Zot:4    | Received a gift from Yredelemnul (a vampire)
 61746 | Zot:4    | Received a gift from Yredelemnul (a vampire)
 62196 | Zot:5    | Entered Level 5 of the Realm of Zot
 62607 | Zot:5    | Noticed an ancient lich
 62615 | Zot:5    | Killed an ancient lich
 62640 | Zot:5    | Noticed an orb of fire
 62640 | Zot:5    | Noticed an orb of fire
 62641 | Zot:5    | Noticed an orb of fire
 62648 | Zot:5    | Gained mutation: Scrolls take you a little longer to read.
                  | [an orb of fire]
 62649 | Zot:5    | Gained mutation: You are weak. (Str -2) [an orb of fire]
 62651 | Zot:5    | Gained mutation: Armour fits poorly on your strangely
                  | shaped body. [an orb of fire]
 62653 | Zot:5    | Gained mutation: You are clumsy. (Dex -2) [an orb of fire]
 62655 | Zot:5    | Gained mutation: You are dopey. (Int -2) [an orb of fire]
 62657 | Zot:5    | Noticed an orb of fire
 62658 | Zot:5    | Gained mutation: You tend to lose your temper in combat.
                  | [an orb of fire]
 62659 | Zot:5    | Gained mutation: You are very weak. (Str -4) [an orb of
                  | fire]
 62659 | Zot:5    | HP: 1/227 [orb of fire/fireball (15)]
 62660 | Zot:5    | Killed from afar by an orb of fire

Illustrated notes

Levels and vault maps discovered:
D:1:      eino_arrival_water_cross, layout_loops_ring
D:2:      layout_loops_ring, nicolae_ru_sacrificial_ziggurat,
          overflow_temple_1_default, lemuel_flame_loot_1
D:3:      layout_loops_cross, old_standard_altar, lemuel_crystal_altar,
          marbit_many_paths, overflow_temple_1_default, gup_sewer_entry_pipe
D:4:      layout_gridville, old_standard_altar, uniq_crazy_yiuf_cottage
D:5:      layout_gridville, minmay_fractal_squares_diagonal_5, uniq_duvessa,
          uniq_edmund
D:6:      layout_basic, amethyst_overflow_temple_binary,
          minmay_temple_entry_statues_pillars, chequers_serial_rivers_micro_d
D:7:      layout_basic, gammafunk_temple_overflow_statue, basic_altar,
          kennysheep_potato
D:8:      layout_rooms, tso_oasis_becter, minmay_misc_feat_x, uniq_joseph
D:9:      layout_stronghold, lemuel_round_altar, dpeg_oklobed_lair, uniq_maggie
D:10:     layout_loops_ring, uniq_grum
D:11:     layout_small_grid
D:12:     layout_irregular_city, orc_0_dummy, serial_bayou_pond_e,
          kennysheep_just_a_vault
D:13:     layout_cave_pools, enter_bailey_5
D:14:     layout_cave_pools, grunt_vaults_entry_tiered, grunt_decor_junction
D:15:     grunt_enter_depths_snipers, layout_rooms, minivault_4, serial_shops,
          shop, uniq_louise
Temple:   grunt_temple_mini_profane
Lair:1:   layout_hall_layers
Lair:2:   layout_regular_city, skrybe_swamp_entry_bodies, grunt_megastairs_2,
          lemuel_fruit_tree
Lair:3:   layout_hall_layers, guppyfry_snake_entry_island, wad_woods_02
Lair:4:   gammafunk_cloud_chamber, layout_layer_cave
Lair:5:   layout_cave_pods
Lair:6:   hangedman_lair_in_review, layout_hall_layers, slime_altar_1,
          enter_volcano_4
Swamp:1:  layout_basic_swamp, infiniplex_staircase_pool, uniq_kirke
Swamp:2:  layout_falls_marsh, evilmike_swamp_ruin_house_4
Swamp:3:  layout_falls_marsh, evilmike_swamp_ruin_wall,
          infiniplex_staircase_pool_2
Swamp:4:  swamp_icy, layout_basic_swamp, swamp_pool1
Snake:1:  layout_misc_corridors, serial_shops, shop, serial_bayou_shore_a,
          grunt_megastairs_1, uniq_aizul
Snake:2:  layout_onion_interference
Snake:3:  layout_cave_town, serial_shops, freezing_bzr
Snake:4:  johnstein_snake_rune_scales, layout_gridlike, serial_shops, shop,
          guppyfry_library_mini
Slime:1:  cheibrodos_slime_lost_civilization_10, layout_caves, basic_altar
Orc:1:    layout_caves, serial_shops, nicolae_shop_statue_plus,
          nicolae_shop_waterfront, shop, basic_altar, portal_ice_cave_entry_imps
Orc:2:    st_orc_congregation, layout_diamond_mine,
          gammafunk_ghost_wrathful_warriors, serial_shops, bzr_entry_lakeside,
          basic_altar, nicolae_orc_tapped_out
Vaults:1: hangedman_vaults_snaps, hangedman_vaults_stretched_pinwheel,
          ontoclasm_vaults_hangar, dpeg_vaults_monster_box,
          vaults_room_glass_cross, ontoclasm_vaults_hangar, vaults_room_fours,
          nicolae_vaults_windows_and_doors_thing, hangedman_vaults_capsules,
          hangedman_vaults_nodes, nicolae_vaults_gold_heap, v_misc_13,
          v_misc_14, serial_ice_b, ontoclasm_vaults_gateway,
          layout_vaults_omnibox, serial_shops, nicolae_shop_trees
Vaults:2: grunt_vaults_hallway_long, nicolae_vaults_ninety_degrees,
          hangedman_vaults_stream, hangedman_vaults_maws, vaults_room_pool,
          vaults_mumra_lcd, grunt_vaults_hallway_long,
          nicolae_vaults_little_squares_1, nicolae_vaults_three_branches,
          nicolae_vaults_little_ls, minmay_crypt_entry_simple_corners,
          nicolae_vaults_shelves_hall, ontoclasm_vaults_decontamination,
          vaults_room_grid, layout_vaults_ring, enter_trove_5
Vaults:3: v_misc_16, ontoclasm_vaults_bender, ontoclasm_vaults_spin,
          v_pattern_3, grunt_tower_of_power, ontoclasm_vaults_chip,
          vaults_dpeg_cross, v_misc_11, v_rooms_1, v_misc_31,
          layout_vaults_big_room
Vaults:4: vaults_room_fancy_cross, vaults_room_grid,
          vaults_room_hangedman_quadrants, v_misc_5,
          nicolae_vaults_border_crossing, vaults_dpeg_spiral, v_pattern_2,
          ontoclasm_vaults_pinch, vaults_room_hallway, grunt_vaults_diagonal,
          vaults_mumra_chevron_long, vaults_room_corners, vaults_dpeg_ring,
          layout_vaults_omnicross, serial_shops, shop_statue, uniq_boris
Vaults:5
Depths:1: layout_cave_pools, enter_ziggurat_f, hell_entry,
          minmay_misc_feat_cross, minmay_misc_feat_diagonals,
          kennysheep_generic_room_15, infiniplex_staircase_pool_lava
Depths:2: minmay_broken_ring, layout_cave_pools, pf_dread_powers_of_hell,
          kennysheep_flooded_box
Depths:3: minmay_two_paths, layout_basic, hell_entry, pan_entry,
          patterned_corridor, infiniplex_staircase_diamond
Depths:4: gammafunk_the_bubble [the_bubble_gammafunk_split], layout_cave_pools,
          abyss_entry_flame_altar, hell_entry, minivault_11,
          rand_demon_pan_entry_3
Depths:5: evilmike_zot_entry_gauntlet, layout_cave_shapes,
          pf_hell_entry_tar_river, grunt_pan_entry_zigzag,
          grunt_decor_arrowhead, hangedman_summoners_spam
Zot:1:    layout_basic, skrybe_zot_glass_1
Zot:2:    kennysheep_room_grid, layout_twisted_circle
Zot:3:    gammafunk_sealed_library, layout_cathedral_of_symmetry,
          st_grand_hoard_of_tiamat
Zot:4:    layout_cathedral_of_symmetry, grunt_megastairs_5
Zot:5:    layout_basic

Skill      XL: |  1  2  3  4  5  6  7  8  9 10 11 12 13 14 15 16 17 18 19 20 21 22 23 24 |
---------------+-------------------------------------------------------------------------+-----
Polearms       | 3 4 5 6 8 10 11 14 | 14.7
Armour         | 2 3 5 7 8 9 10 12 15 16 17 18 19 | 19.7
Fighting       | 4 5 8 10 12 15 17 18 20 21 23 25 26 27 | 27.0
Invocations    | 2 5 10 12 13 15 19 20 | 20.0
Dodging        | 3 5 8 10 13 | 13.4
Shields        | 3 4 |  4.0
Stealth        | |  1.7

Action                   |  1- 3 |  4- 6 |  7- 9 | 10-12 | 13-15 | 16-18 | 19-21 | 22-24 || total
-------------------------+-------+-------+-------+-------+-------+-------+-------+-------++-------
Melee: Spear             |   225 |    87 |       |       |       |       |       |       ||   312
       Halberd           |       |   253 |   546 |   641 |       |       |       |       ||  1440
       Demon trident     |       |       |       |   187 |   934 |   981 |   713 |  1392 ||  4207
Invok: Animate Dead      |       |       |     8 |    30 |    93 |    60 |    83 |   103 ||   377
       Animate Remains   |       |       |     1 |       |       |       |       |       ||     1
       Recall Undead Sla |       |       |       |     1 |    20 |    19 |    22 |    14 ||    76
       Drain Life        |       |       |       |       |     2 |     1 |     8 |     7 ||    18
 Abil: Evoke Berserk Rag |       |       |       |       |     1 |       |       |       ||     1
Evoke: Wand              |       |       |       |     2 |       |       |       |     1 ||     3
  Use: Scroll            |       |     5 |    10 |     9 |    16 |     7 |     5 |    19 ||    71
       Potion            |       |     3 |     2 |     7 |       |     1 |     1 |     7 ||    21
 Stab: Distracted        |       |       |     1 |    10 |    20 |    18 |    19 |    42 ||   110
       Sleeping          |       |       |       |    23 |    30 |    61 |     5 |       ||   119
       Petrified         |       |       |       |       |    10 |       |       |       ||    10
       Paralysed         |       |       |       |       |     1 |     3 |       |     6 ||    10
       Petrifying        |       |       |       |       |     1 |       |       |       ||     1
Armor: Plate armour      |   169 |   221 |   283 |    28 |       |       |       |       ||   701
       Acid dragon scale |       |       |       |    81 |       |       |       |       ||    81
       Fire dragon scale |       |       |       |    43 |   172 |   125 |    10 |       ||   350
       Storm dragon scal |       |       |       |       |       |       |    43 |       ||    43
       Gold dragon scale |       |       |       |       |       |       |   135 |   481 ||   616
Dodge: Dodged            |    26 |    85 |   222 |   467 |   331 |   240 |   152 |   312 ||  1835
       Repelled          |       |     2 |     6 |     7 |     9 |    21 |     7 |    15 ||    67
Block: Other             |       |       |       |    59 |   112 |    19 |       |       ||   190
       Reflection        |       |       |       |     4 |     4 |    70 |    38 |    22 ||   138
       Buckler           |       |       |       |       |       |   210 |   238 |   532 ||   980

Table legend: (Time is in decaauts)
 A = Elapsed time spent in this place.
 B = Non-inter-level travel time spent in this place.
 C = Inter-level travel time spent in this place.
 D = Time resting spent in this place.
 E = Time spent auto-exploring this place.
 F = Levels seen in this place.
 G = Mean time per level.
                   A        B        C        D        E       F      G
               +--------+--------+--------+--------+--------+-----+--------+
         Total |  61272 |  57715 |   3557 |  11503 |  34089 |  51 | 1201.4 |
       Dungeon |  22660 |  21263 |   1397 |   4854 |  12089 |  15 | 1510.7 |
        Temple |     87 |     63 |     24 |      0 |     57 |   1 |   87.0 |
          Lair |   7908 |   7004 |    904 |    365 |   5585 |   6 | 1318.0 |
         Swamp |   4212 |   3956 |    256 |   1000 |   2292 |   4 | 1053.0 |
     Snake Pit |   4249 |   3882 |    367 |    248 |   2799 |   4 | 1062.2 |
    Slime Pits |      1 |      0 |      1 |      0 |      0 |   1 |    1.0 |
  Orcish Mines |   1041 |    989 |     52 |    258 |    138 |   2 |  520.5 |
        Vaults |   8948 |   8636 |    312 |    894 |   5823 |   5 | 1789.6 |
        Depths |   7715 |   7551 |    164 |   1936 |   3873 |   5 | 1543.0 |
           Zot |   2754 |   2676 |     78 |   1680 |    385 |   5 |  550.8 |
        Bazaar |    391 |    391 |      0 |      0 |    296 |   2 |  195.5 |
         Sewer |   1300 |   1300 |      0 |    267 |    748 |   1 | 1300.0 |
               +--------+--------+--------+--------+--------+-----+--------+

Top non-repeatable levels by time:
Vaults:5: 2860 daAuts
     D:9: 2593 daAuts
     D:7: 2162 daAuts
Vaults:4: 2001 daAuts
Depths:2: 1979 daAuts
  Lair:6: 1968 daAuts
    D:12: 1954 daAuts
    D:11: 1803 daAuts
    D:10: 1755 daAuts
Depths:3: 1740 daAuts
Depths:4: 1657 daAuts
Depths:5: 1567 daAuts
 Swamp:4: 1531 daAuts
     D:3: 1529 daAuts
    D:15: 1501 daAuts
